 Dungeon Crawl Stone Soup version 0.22.0-38-g04b72b8 (webtiles) character file.

48 Gildeon the Conjurer (level 3, -4/19 HPs)
             Began as a Deep Elf Conjurer on Aug 30, 2018.
             Slain by a gnoll
             ... wielding a +0 club
              (6 damage)
             ... on level 2 of the Dungeon.
             The game lasted 00:06:33 (1317 turns).

Gildeon the Conjurer (Deep Elf Conjurer)            Turns: 1317, Time: 00:06:34

Health: -4/19      AC:  3    Str:  5    XL:     3   Next: 50%
Magic:  6/10       EV: 13    Int: 20    God:
Gold:   48         SH:  0    Dex: 15    Spells: 3/9 levels left

rFire    . . .     SeeInvis .   h - -3 dagger (curse)
rCold    . . .     Gourm    .   (no shield)
rNeg     . . .     Faith    .   a - +1 robe
rPois    .         Spirit   .   (no helmet)
rElec    .         Reflect  .   (no cloak)
rCorr    .         Harm     .   (no gloves)
MR       .....                  (no boots)
Stlth    ++........             (no amulet)
HPRegen  0.06/turn              (no ring)
MPRegen  0.12/turn              (no ring)

@: no status effects
A: no striking features
a: no special abilities


You were on level 2 of the Dungeon.
You were not hungry.

You visited 1 branch of the dungeon, and saw 2 of its levels.

You collected 48 gold pieces.

Inventory:

Hand Weapons
 b - a +0 dagger
 h - a cursed -3 dagger (weapon)
Armour
 a - a +1 robe (worn)
Jewellery
 i - a cursed amulet of inaccuracy {unknown}
Scrolls
 e - a scroll of enchant weapon {unknown}
 f - a scroll of fog
Potions
 d - a potion of curing {unknown}
Comestibles
 c - 3 rations


   Skills:
 + Level 3.2 Dodging
 + Level 2.9 Stealth
 + Level 3.8 Spellcasting
 + Level 4.8 Conjurations


You had 3 spell levels left.
You knew the following spells:

 Your Spells              Type           Power        Failure   Level  Hunger
a - Magic Dart            Conj           ###.         1%          1    None
b - Searing Ray           Conj           ###...       2%          2    ##.....
c - Dazzling Spray        Conj/Hex       ##....       14%         3    ###....

Your spell library contained the following spells:

 Spells                   Type           Power        Failure   Level  Hunger
 Iskenderun's Mystic Bla  Conj           ###.....     17%         4    ####...
 Force Lance              Conj/Tloc      ##......     43%         4    ####...
 Fulminant Prism          Conj/Hex       ##........   43%         4    ####...


Dungeon Overview and Level Annotations

Branches:
Dungeon (2/15)

Altars:


Message History

The gnoll hits you with a club!
You hit the gnoll but do no damage. The gnoll hits you with a club.
Casting: Magic Dart (safe; 1% risk of failure)
Confirm with . or Enter, or press ? or * to list all spells.
Aiming: Magic Dart (safe; 1% risk of failure)
Press: ? - help, Shift-Dir - straight line, f - gnoll
Aim: a gnoll, wielding a club The magic dart hits the gnoll.
The gnoll is moderately wounded.
The gnoll hits you with a club.
* * * LOW HITPOINT WARNING * * *
Casting: Magic Dart (safe; 1% risk of failure)
Confirm with . or Enter, or press ? or * to list all spells.
Aiming: Magic Dart (safe; 1% risk of failure)
Press: ? - help, Shift-Dir - straight line, f/p - gnoll
Aim: a gnoll, wielding a club (moderately wounded)
The magic dart hits the gnoll.
The gnoll is heavily wounded.
The gnoll hits you with a club.
You die...

#### #.# ...# #.# ...##### #.#
.......# #.# .......# #.#
.......# #.# .......#### #.#
..........# #.#*#####
..........######@##....###*****
..........'.....g.)>......,,,,*
..........######+##....###***,*
######............#....# *,*
#............#....# *,*
######............#....# *,*
#.................#....# *,*
#...............(.###### *,*
#.................# *,*


You could see a gnoll.

Vanquished Creatures
  2 gnolls (D:2)
  2 worms (D:2)
  4 bats (D:1)
  A giant cockroach (D:1)
  4 goblins
  3 hobgoblins
  2 frilled lizards (D:1)
  4 kobolds
  2 rats
24 creatures vanquished.

Notes
Turn   | Place    | Note
-------+----------+-------------------------------------------
     0 | D:1      | Gildeon the Deep Elf Conjurer began the quest for the Orb.
     0 | D:1      | Reached XP level 1. HP: 10/10 MP: 6/6
   250 | D:1      | Reached XP level 2. HP: 15/15 MP: 6/8
   262 | D:1      | Learned a level 2 spell: Searing Ray
  1244 | D:2      | Reached XP level 3. HP: 19/19 MP: 8/10
  1249 | D:2      | Learned a level 3 spell: Dazzling Spray
  1317 | D:2      | Slain by a gnoll

Skill      XL: |  1  2 |
---------------+-------+-----
Dodging        | 3 |  3.2
Stealth        | |  2.9
Spellcasting   | |  3.8
Conjurations   | |  4.8

Action                   || total
-------------------------++-------
Melee: Dagger            ||    11
       Unarmed           ||     1
 Cast: Magic Dart        ||    35
       Searing Ray       ||     2
  Use: Scroll            ||     3
 Stab: Sleeping          ||     7
  Eat: Chunk             ||     1
Armor: Robe              ||     5
Dodge: Dodged            ||     8
